 Dungeon Crawl Stone Soup version 0.32-a0-909-gc671339a80 (webtiles) character file.

Game seed: 8716751614629436514

20042 Biggs the Skirmisher (level 12, -1/97 HPs)
             Began as a Coglin Hunter on Apr 7, 2024.
             Was a High Priest of Okawaru.
             Constricted to death by an anaconda skeleton (5 damage)
             ... in a volcano.
             The game lasted 00:19:07 (11854 turns).

Biggs the Skirmisher (Coglin Hunter)               Turns: 11854, Time: 00:19:08

Health: -1/97      AC: 14    Str: 12    XL:     12   Next: 75%
Magic:  12/12      EV:  8    Int: 10    God:    Okawaru [*****.]
Gold:   721        SH:  0    Dex: 21    Spells: 11/11 levels left

rFire   . . .        a - +9 sling (heavy) {Agustín}
rCold   + . .        d - +3 sling (drain) {Arun}
rNeg    . . .        E - +2 leather armour {rC+}
rPois   .            b - +2 helmet
rElec   .            K - +2 cloak
rCorr   .            (no gloves)
SInv    .            x - +2 pair of boots {Stlth+}
Will    .....        (amulet unavailable)
Stlth   +++          (ring unavailable)
HPRegen 0.36/turn    (ring unavailable)
MPRegen 0.13/turn    (no gizmo)

%: no passive effects
@: constricted, revved
A: off-hand wielding, slow wielding, warmup strikes, no jewellery
a: Invent Gizmo, Renounce Religion, Heroism, Finesse, Duel


You were in a volcano.
You worshipped Okawaru.
Okawaru was extremely pleased with you.
You visited 3 branches of the dungeon, and saw 13 of its levels.
You also visited: Bailey and Volcano.

You collected 721 gold pieces.

Inventory:

Hand Weapons
 a - a +9 heavy sling (weapon) {Agustín}
 d - a +3 sling of draining (offhand) {Arun}
Missiles
 F - a throwing net
Armour
 b - a +2 helmet (worn)
 x - a +2 pair of boots of stealth (worn)
 E - a +2 leather armour of cold resistance (worn)
 K - a +2 cloak (worn)
Wands
 e - a wand of iceblast (6)
 g - a wand of flame (18)
 j - a wand of mindburst (9)
 v - a wand of polymorph (19)
 y - a wand of digging (16)
 B - a wand of paralysis (8)
Scrolls
 c - 4 scrolls of identify
 m - 4 scrolls of amnesia
 n - 3 scrolls of poison
 s - 3 scrolls of teleportation
 t - 6 scrolls of enchant armour
 z - a scroll of silence
 A - a scroll of torment
 H - a scroll of blinking {unknown}
 I - a scroll of immolation {unknown}
 J - a scroll of fear
Potions
 f - a potion of enlightenment
 h - 5 potions of curing
 i - 4 potions of heal wounds {unknown}
 k - a potion of brilliance {unknown}
 l - 3 potions of might {unknown}
 o - a potion of degeneration {unknown}
 p - a potion of resistance {unknown}
 q - 2 potions of attraction {unknown}
 r - 3 potions of berserk rage {unknown}
 u - 4 potions of invisibility {unknown}
 w - 6 potions of mutation {unknown}
 C - 2 potions of magic {unknown}
 D - 2 potions of haste {unknown}
 G - a potion of lignification {unknown}


   Skills:
 - Level 10.0 Fighting
 - Level 14.0 Ranged Weapons
 + Level 10.5 Dodging
 - Level 0.7 Stealth


You had 11 spell levels left.
You didn't know any spells.
Your spell library contained the following spells:

 Spells                   Type           Power      Damage    Failure   Level
 Foxfire                  Conj/Fire      0%         2x1d4     43%         1
 Necrotise                Necr           0%         1d4       43%         1
 Sandblast                Erth           0%         2d4       43%         1
 Cigotuvi's Dreadful Rot  Necr/Alch/Air  0%         N/A       58%         2
 Stone Arrow              Conj/Erth      0%         3d7       82%         3
 Vampiric Draining        Necr           0%         2d6       82%         3
 Cause Fear               Hex            0%         N/A       99%         4
 Dispel Undead            Necr           0%         3d6       99%         4
 Passage of Golubria      Tloc           0%         N/A       99%         4
 Curse of Agony           Necr           0%         N/A       100%        5
 Fireball                 Conj/Fire      0%         3d3       100%        5
 Yara's Violent Unravell  Hex/Alch       0%         3d3       100%        5
 Lehudib's Crystal Spear  Conj/Erth      0%         10d2      100%        8
 Tukima's Dance           Hex            Unusable   N/A       N/A         3
 Animate Armour           Summ/Erth      Unusable   N/A       N/A         4
 Martyr's Knell           Necr/Summ      Unusable   N/A       N/A         4
 Dragon's Call            Summ           Unusable   N/A       N/A         9

Dungeon Overview and Level Annotations

Branches:
Dungeon (10/15)            Temple (1/1) D:5            Lair (2/5) D:10
 Bailey (visited)         Volcano (1/1)
  Swamp: Lair:2-3    Shoals: Lair:2-3     Snake: Lair:2-3    Spider: Lair:2-3
    Orc: D:9-12

Altars:
Ashenzari
Cheibriados
Dithmenos
Elyvilon
Fedhas
Gozag
Hepliaklqana
Kikubaaqudgha
Makhleb
Nemelex Xobeh
Okawaru
Qazlal
Ru
Sif Muna
Trog
Uskayaw
Vehumet
Wu Jian
Xom
Yredelemnul
Zin
The Shining One
Lugonu

Portals:
Abyss: D:8

Annotations:
D:3 3 runed translucent doors, justen's ghost, weakling GnSh
D:4 Sigmund
D:7 Dowan
D:8 2 runed translucent doors
D:10 1 runed translucent door, MrSquiggles's ghost, novice MDFi


Innate Abilities, Weirdness & Mutations

You can wield a second weapon in your off-hand.
It takes a long time for you to wield or remove held weapons.
Your first few attacks do less damage.
You cannot equip rings or amulets.


Message History

The stone arrow hits you!
Unknown command.
You shoot a sling bullet. The sling bullet hits the gargoyle!
The gargoyle is heavily damaged.
You shoot a sling bullet. The sling bullet hits the gargoyle!
You destroy the gargoyle!
Okawaru accepts your kill. The harpy skeleton misses you.
The harpy skeleton claws you but does no damage.
The harpy skeleton misses you. x2
You shoot a sling bullet. The sling bullet hits the gargoyle.
The gargoyle is moderately damaged.
You shoot a sling bullet. The sling bullet hits the gargoyle!
The gargoyle is heavily damaged.
The harpy skeleton claws you.
The harpy skeleton claws you but does no damage.
The anaconda skeleton barely misses you.
The anaconda skeleton completely misses you.
The harpy skeleton misses you.
The harpy skeleton claws you but does no damage.
The gargoyle hits you with a +0 mace. The anaconda skeleton grabs you.
The anaconda skeleton closely misses you.
The anaconda skeleton constricts you.
The harpy skeleton claws you but does no damage. x2
You shoot a sling bullet.
The sling bullet hits the anaconda skeleton!
The anaconda skeleton is lightly damaged.
You shoot a sling bullet.
The sling bullet hits the anaconda skeleton!!
The anaconda skeleton is heavily damaged.
The harpy skeleton claws you. x2; The anaconda skeleton bites you!
The anaconda skeleton constricts you. The gargoyle hits you with a +0 mace!
* * * LOW HITPOINT WARNING * * *
The harpy skeleton claws you!
* * * LOW HITPOINT WARNING * * *
The harpy skeleton claws you but does no damage.
The anaconda skeleton bites you.
* * * LOW HITPOINT WARNING * * *
The anaconda skeleton constricts you.
You die...

##≈ #≈≈≈ ##≈≈≈≈ #+###
##≈≈§≈≈ #..⌠.. ###≈≈≈§≈≈
#.....##########.#..≈≈§≈
#.....9....ß...'≈.....≈§
+..∩..Z@.......'...≈§§§§
#.....Z....ß...'≈..§§§≈≈
+.....##########.#..§§..
#..⌠.. #####.... #####
###.. ### #


You could see a gargoyle, an anaconda skeleton and a harpy skeleton.

Vanquished Creatures
  Urug (D:10)
  Nergalle (D:10)
  Amaemon (D:10)
  An orc knight (Bailey)
  Maurice (D:7)
  A cyclops (D:6)
  6 elephants (Lair:1)
  A gargoyle (Volcano)
  An orange demon (D:10)
  2 cane toads (Lair:1)
  Jeremiah (D:7)
  6 komodo dragons
  A kobold demonologist (D:10)
  A hornet (D:9)
  A troll (D:10)
  Prince Ribbit (D:6)
  A wyvern (D:10)
  Eustachio (D:7)
  10 yaks
  2 basilisks
  3 fire bats (Lair:2)
  2 vampire mosquitoes (D:10)
  5 steam dragons
  Menkaure (D:7)
  2 water moccasins
  12 orc warriors
  3 ice beasts
  A sky beast (D:7)
  3 ogres
  6 wolves (Lair:2)
  2 laughing skulls (Volcano)
  A phantom (D:6)
  8 centaurs
  A weeping skull (Volcano)
  2 kobold brigands
  11 bullfrogs
  2 scorpions
  2 gnoll sergeants
  18 wights
  15 killer bees
  2 electric eels (Lair:1)
  4 howler monkeys
  A bombardier beetle (D:6)
  2 jellies (D:7)
  2 gnoll boudas
  4 orc priests
  4 hounds
  2 sleepcaps
  2 iguanas (D:5)
  10 orc wizards
  6 mutant beasts (D:9)
  Robin (D:4)
  17 gnolls
  5 adders
  A shadow imp (D:5)
  2 white imps
  2 ufetubi (D:6)
  An adder zombie (D:3)
  A dart slug (D:3)
  A ribbon worm (D:3)
  40 orcs
  6 ball pythons
  8 bats
  2 endoplasms (D:3)
  A giant cockroach (D:1)
  7 goblins
  13 hobgoblins
  3 jackals (D:3)
  A quokka (D:2)
  4 frilled lizards
  A giant cockroach zombie (D:3)
  19 kobolds
  A rat (D:1)
317 creatures vanquished.

Notes
Turn   | Place    | Note
-------+----------+-------------------------------------------
     0 | D:1      | Biggs the Coglin Hunter began the quest for the Orb.
     0 | D:1      | Reached XP level 1. HP: 16/16 MP: 1/1
   211 | D:1      | Reached skill level 4 in Ranged Weapons
   211 | D:1      | Reached XP level 2. HP: 22/22 MP: 2/2
   945 | D:2      | Reached XP level 3. HP: 12/27 MP: 3/3
  1519 | D:3      | Reached skill level 5 in Ranged Weapons
  1519 | D:3      | Reached XP level 4. HP: 33/33 MP: 4/4
  1755 | D:3      | Found a runed translucent gate.
  1755 | D:3      | Found a runed translucent gate.
  1755 | D:3      | Found a runed translucent gate.
  1755 | D:3      | Noticed justen's ghost (weakling GnSh)
  1759 | D:3      | Found a basalt altar of Yredelemnul.
  1767 | D:3      | Reached XP level 5. HP: 37/38 MP: 5/5
  2376 | D:4      | Reached skill level 6 in Ranged Weapons
  2506 | D:4      | Reached XP level 6. HP: 44/44 MP: 6/6
  2626 | D:4      | Reached skill level 7 in Ranged Weapons
  2999 | D:4      | Noticed a steam dragon
  3006 | D:4      | Killed a steam dragon
  3007 | D:4      | Reached XP level 7. HP: 7/50 MP: 7/7
  3009 | D:4      | Noticed Sigmund
  3174 | D:4      | Noticed Robin
  3200 | D:4      | Killed Robin
  3338 | D:4      | Reached skill level 8 in Ranged Weapons
  3790 | D:5      | Entered Level 5 of the Dungeon
  3799 | D:5      | Found a hazy altar of Hepliaklqana.
  3817 | D:5      | Found a staircase to the Ecumenical Temple.
  3839 | Temple   | Entered the Ecumenical Temple
  3850 | Temple   | Became a worshipper of Warmaster Okawaru
  4238 | D:5      | Reached XP level 8. HP: 56/56 MP: 8/8
  4246 | D:5      | Reached skill level 9 in Ranged Weapons
  4461 | D:5      | Found a snail-covered altar of Cheibriados.
  4793 | D:6      | Noticed Prince Ribbit
  4799 | D:6      | Killed Prince Ribbit
  4799 | D:6      | Reached * piety under Okawaru
  4819 | D:6      | Reached skill level 5 in Fighting
  4840 | D:6      | Reached ** piety under Okawaru
  4883 | D:6      | Reached skill level 5 in Dodging
  4883 | D:6      | Reached XP level 9. HP: 58/68 MP: 9/9
  5202 | D:6      | Found a shadowy altar of Dithmenos.
  5211 | D:6      | Found a sparkling altar of Nemelex Xobeh.
  5414 | D:6      | Found a bloodstained altar of Trog.
  5448 | D:6      | Found a shimmering blue altar of Sif Muna.
  5452 | D:6      | Got Sif Muna's Catalogue of Geological Hyperthermia
  5555 | D:6      | Noticed a cyclops
  5564 | D:6      | Killed a cyclops
  5680 | D:6      | Reached *** piety under Okawaru
  5804 | D:7      | Found a blossoming altar of Fedhas.
  5809 | D:7      | Reached skill level 10 in Ranged Weapons
  6020 | D:7      | Noticed Dowan
  6049 | D:7      | Noticed Jeremiah
  6052 | D:7      | Noticed Menkaure
  6058 | D:7      | Killed Jeremiah
  6059 | D:7      | Reached XP level 10. HP: 29/74 MP: 10/10
  6061 | D:7      | Killed Menkaure
  6061 | D:7      | Reached **** piety under Okawaru
  6062 | D:7      | Reached skill level 11 in Ranged Weapons
  6145 | D:7      | Found a stormy altar of Qazlal.
  6231 | D:7      | Paralysed by a centaur for 2 turns
  6236 | D:7      | Found a flagged portal.
  6246 | Bailey   | Entered a bailey
  6358 | Bailey   | Noticed an orc knight
  6373 | Bailey   | Killed an orc knight
  6377 | Bailey   | Reached skill level 12 in Ranged Weapons
  6509 | Bailey   | Reached ***** piety under Okawaru
  6943 | D:7      | Noticed Maurice
  6951 | D:7      | Killed Maurice
  7039 | D:7      | Noticed Eustachio
  7047 | D:7      | Killed Eustachio
  7047 | D:7      | Received a gift from Okawaru
  7048 | D:7      | Reached skill level 13 in Ranged Weapons
  7496 | D:8      | Found a large runed translucent door.
  7498 | D:8      | Found a large runed translucent door.
  7499 | D:8      | Found a corrupted altar of Lugonu.
  7499 | D:8      | Noticed a kobold demonologist
  7500 | D:8      | Noticed a red ugly thing
  7501 | D:8      | Noticed a green ugly thing
  7676 | D:8      | Reached XP level 11. HP: 79/79 MP: 11/11
  7731 | D:8      | Reached skill level 14 in Ranged Weapons
  7902 | D:8      | Found a shimmering altar of Xom.
  8159 | D:8      | Found a one-way gate to the infinite horrors of the Abyss.
  8159 | D:8      | Identified the +9 dagger "Ydiepnul" {distort, *Noise Str+5
                  | Int+5}
  8347 | D:8      | Found a glowing silver altar of Zin.
  8348 | D:8      | Found an opulent altar of Gozag.
  8709 | D:9      | Noticed a juvenile weirdbat beast
  8714 | D:9      | Killed a juvenile weirdbat beast
  8758 | D:9      | Received a gift from Okawaru
  8776 | D:9      | Found an ancient bone altar of Kikubaaqudgha.
  8921 | D:9      | Found a glowing golden altar of the Shining One.
  9540 | D:10     | Entered Level 10 of the Dungeon
  9679 | D:10     | Found a staircase to the Lair.
  9784 | D:10     | Noticed Nergalle
  9793 | D:10     | Killed Nergalle
  9793 | D:10     | Received a gift from Okawaru
  9794 | D:10     | Reached skill level 10 in Fighting
  9825 | D:10     | Noticed Amaemon
  9834 | D:10     | Killed Amaemon
  9835 | D:10     | Reached XP level 12. HP: 97/97 MP: 12/12
  9871 | D:10     | Noticed MrSquiggles's ghost (novice MDFi)
  9895 | D:10     | Found a runed translucent door.
 10302 | D:10     | Noticed Urug
 10313 | D:10     | Killed Urug
 10586 | Lair:1   | Entered Level 1 of the Lair of Beasts
 11282 | Lair:1   | Received a gift from Okawaru
 11666 | Lair:2   | Reached skill level 10 in Dodging
 11755 | Lair:2   | Found a dark tunnel.
 11771 | Volcano  | Entered a volcano
 11854 | Volcano  | HP: 4/97 [anaconda skeleton (4)]
 11854 | Volcano  | Constricted to death by an anaconda skeleton

Illustrated notes

Levels and vault maps discovered:
D:1:      dpeg_arrival_long_road, layout_basic
D:2:      layout_loops_corners
D:3:      layout_loops_ring, nicolae_yredelemnul_ghost_church,
          minmay_fountain_box
D:4:      layout_basic, serial_forest, infiniplex_forest_3_way,
          infiniplex_forest_lined_2, infiniplex_forest_lined_corner,
          infiniplex_forest_clump_medium, infiniplex_forest_end_1,
          infiniplex_forest_straight_2, infiniplex_forest_lined_ring,
          uniq_sigmund, uniq_robin
D:5:      layout_cave_pods, mainiacjoe_overflow_six_doors_small,
          lemuel_doored_altar, minmay_temple_entry_crystal_x,
          skrybe_limestone_x, serial_bayou_lagoon_a
D:6:      layout_gridville, nzn_overflow_gifts_of_might_and_magic,
          mainiacjoe_overflow_swirl, kb_rosetta, uniq_prince_ribbit1
D:7:      minmay_skewed_foursquare, layout_basic, fedhas_bush_and_centaur_altar,
          nicolae_qazlal_scattered_showers, enter_bailey_2,
          hangedman_decor_lopped, sword_in_stone, uniq_duvessa, uniq_jeremiah,
          uniq_maurice, uniq_menkaure
D:8:      due_chaos_kobolds, layout_basic,
          grunt_temple_overflow_gold_and_silver, marbit_many_paths,
          minmay_gold_behind_fungi, serial_bayou_crossing
D:9:      layout_basic, general_overflow_altar, old_standard_altar,
          nicolae_beast_mode
D:10:     layout_loops_ring, erik_lair_dragon, hellmonk_ghost_happy_afterlife,
          evilmike_butchery, uniq_amaemon, uniq_urug, uniq_nergalle
Temple:   corrupted_temple
Lair:1:   layout_roguey, serial_bayou_shore_a, lemuel_fruit_tree
Lair:2:   layout_small_grid, elwin_shoals_entry_stream,
          nicolae_spider_entry_non_spiders, nicolae_volcano_entry_batcave,
          chequers_serial_rivers_room_b, infiniplex_staircase_pool
Volcano:  volcano_tomb [vts_original]

Skill      XL: |  1  2  3  4  5  6  7  8  9 10 11 12 |
---------------+-------------------------------------+-----
Ranged Weapons | 4 5 6 7 8 9 10 13 14 | 14.0
Fighting       | 5 10 | 10.0
Dodging        | 5 6 10 | 10.5
Stealth        | |  0.7

Action                     |  1- 3 |  4- 6 |  7- 9 | 10-12 || total
---------------------------+-------+-------+-------+-------++-------
   Fire: Sling             |   130 |   212 |   490 |   942 ||  1774
  Evoke: Wand              |       |       |       |    12 ||    12
    Use: Scroll            |       |       |    13 |    15 ||    28
 Armour: Leather armour    |    11 |    38 |    72 |   133 ||   254
  Dodge: Dodged            |    11 |    24 |    65 |   162 ||   262

Table legend: (Time is in decaauts)
 A = Elapsed time spent in this place.
 B = Non-inter-level travel time spent in this place.
 C = Inter-level travel time spent in this place.
 D = Time resting spent in this place.
 E = Time spent auto-exploring this place.
 F = Levels seen in this place.
 G = Mean time per level.
                   A        B        C        D        E       F      G
               +--------+--------+--------+--------+--------+-----+--------+
         Total |  11931 |  11458 |    473 |    326 |   9281 |  15 |  795.4 |
       Dungeon |  10272 |   9846 |    426 |    326 |   7925 |  10 | 1027.2 |
        Temple |     22 |      2 |     20 |      0 |      0 |   1 |   22.0 |
          Lair |   1191 |   1164 |     27 |      0 |   1007 |   2 |  595.5 |
        Bailey |    363 |    363 |      0 |      0 |    285 |   1 |  363.0 |
       Volcano |     81 |     81 |      0 |      0 |     63 |   1 |   81.0 |
               +--------+--------+--------+--------+--------+-----+--------+

Top non-repeatable levels by time:
     D:4: 1324 daAuts
     D:7: 1297 daAuts
     D:8: 1171 daAuts
  Lair:1: 1048 daAuts
    D:10: 1038 daAuts
     D:6: 1030 daAuts
     D:3: 1002 daAuts
     D:5: 993 daAuts
     D:9: 917 daAuts
     D:2: 907 daAuts
     D:1: 589 daAuts
  Bailey: 363 daAuts
  Lair:2: 142 daAuts
 Volcano: 81 daAuts
  Temple: 22 daAuts
